 Dungeon Crawl Stone Soup version 0.31-a0-1308-ga3cce3a448 (webtiles) character file.

Game seed: 7810356607835330176

4502 dialectric the Changeling (level 10, -12/59 (60) HPs)
             Began as an Octopode Shapeshifter on Dec 19, 2023.
             Was a Believer of Yredelemnul.
             Mangled by a komodo dragon (25 damage)
             ... on level 8 of the Dungeon.
             The game lasted 00:12:48 (8317 turns).

dialectric the Changeling (Octopode Shapeshifter)   Turns: 8317, Time: 00:12:49

HP:   -12/59 (60)   AC:  7    Str: 18    XL:     10   Next: 38%
MP:   10/10         EV: 13    Int: 14    God:    Yredelemnul [**....]
Gold: 316           SH:  0    Dex: 15    Spells: 9/9 levels left

rFire   + . .        d - melded +2 dagger (venom)
rCold   . . .        (shield currently unavailable)
rNeg    . . .        (helmet currently unavailable)
rPois   +            x - amulet of the acrobat
rElec   .            E - ring of protection from fire
rCorr   .            (no ring)
SInv    .            (no ring)
Will    .....        (no ring)
Stlth   ++           (no ring)
HPRegen 0.29/turn    (no ring)
MPRegen 0.12/turn    (no ring)
                     (no ring)

%: acrobat
@: snake-form, lightly drained
A: constrict, reduced hp, almost no armour, amphibious, 8 rings, large,
(camouflage 1), (gelatinous body 1), (nimble swimmer 1), (tentacles), (fangs 1),
(iridescent scales 1)
a: Begin Untransformation, Renounce Religion, Recall Undead Harvest, Dark
Bargain


You were on level 8 of the Dungeon.
You worshipped Yredelemnul.
Yredelemnul was noncommittal.
You were an enormous serpent.
You visited 1 branch of the dungeon, and saw 8 of its levels.

You collected 316 gold pieces.

Inventory:

Hand Weapons
 d - a +2 dagger of venom (melded)
Missiles
 k - 41 poisoned darts (quivered)
 A - a throwing net
Jewellery
 g - an amulet of reflection
 h - an amulet of magic regeneration
 o - an amulet of regeneration
 x - an amulet of the acrobat (around neck)
 E - a ring of protection from fire (left tentacle)
Talismans
 b - a beast talisman
 c - a flux talisman
 m - a serpent talisman (active)
 B - the blade talisman "Laemoxed" {Will+}
   (You found it on level 6 of the Dungeon)

   [blade talisman]

   Will+:     It increases your willpower.
Wands
 C - a wand of light (14)
Scrolls
 e - a scroll of poison
 i - 9 scrolls of identify
 l - a scroll of torment {unknown}
 p - 2 scrolls of blinking {unknown}
 q - a scroll of vulnerability {unknown}
 s - 2 scrolls of noise {unknown}
 t - 3 scrolls of teleportation
 v - 2 scrolls of enchant weapon {unknown}
 w - a scroll of revelation {unknown}
 y - 2 scrolls of fear {unknown}
Potions
 a - 3 potions of lignification
 f - a potion of mutation
 j - a potion of attraction
 n - a potion of magic
 r - a potion of cancellation {unknown}
 u - 2 potions of curing
 z - 2 potions of ambrosia
 D - a potion of haste {unknown}


   Skills:
 + Level 6.8 Fighting
 + Level 5.4 Short Blades
 + Level 7.0 Dodging
 + Level 3.2 Stealth
 - Level 7.0 Unarmed Combat
 * Level 7.3 Shapeshifting


You had 9 spell levels left.
You didn't know any spells.
Your spell library contained the following spells:

 Spells                   Type           Power      Damage    Failure   Level
 Magic Dart               Conj           0%         1d3       28%         1
 Dazzling Flash           Conj/Hex       0%         N/A       65%         3
 Volatile Blastmotes      Fire/Tloc      0%         2d10      65%         3
 Agony                    Necr           0%         N/A       100%        5
 Borgnjor's Vile Clutch   Necr/Erth      0%         N/A       100%        5
 Silence                  Hex/Air        0%         N/A       100%        5
 Starburst                Conj/Fire      0%         6d3       100%        6
 Maxwell's Capacitive Co  Air            0%         ∞         100%        8
 Animate Dead             Necr           Unusable   N/A       N/A         4
 Death Channel            Necr           Unusable   N/A       N/A         6

Dungeon Overview and Level Annotations

Branches:
Dungeon (8/15)             Temple (0/1) D:5
   Lair: D:8-11

Altars:
Ashenzari
Dithmenos
Fedhas
Hepliaklqana
Kikubaaqudgha
Makhleb
Okawaru
Ru
Sif Muna
Xom
Yredelemnul
The Shining One

Shops:
D:7 (

Annotations:
D:8 3 runed translucent doors


Innate Abilities, Weirdness & Mutations

You are an enormous serpent.
You have a powerful constriction melee attack.
Your maximum health is decreased, since you lack skill for your form.
Your armour is entirely melded.
You are incapable of wielding weapons or throwing items.
You cannot wear most types of armour.
You are amphibious.
You can wear up to eight rings at the same time.
((Your skin changes colour to match your surroundings (Stealth+).))
((Your rubbery body absorbs attacks. (AC +1, EV +1)))
((You are camouflaged when in or above water. (Stealth+)))
((You have tentacles for arms and can constrict up to eight enemies at once.))
((You have very sharp teeth.))
((You are partially covered in iridescent scales. (AC +2)))


Message History

The orc dies!
You can no longer trade souls for undead servants.
Your gnoll zombie hits the orc wizard.
Your orc priest zombie hits the orc wizard but does no damage.
Unknown command.
The orc wizard hits your orc priest zombie with a +0 dagger.
Your orc warrior zombie misses the orc wizard.
Your orc priest zombie misses the orc wizard.
Your gnoll zombie hits the orc wizard.
The orc wizard hits your gnoll zombie with a +0 dagger.
Your orc warrior zombie hits the orc wizard.
The orc hits your gnoll zombie with a +0 short sword.
The orc wizard hits your orc priest zombie with a +0 dagger.
Your orc priest zombie misses the orc wizard.
Your gnoll zombie hits the orc wizard.
Your orc warrior zombie barely misses the orc wizard.
Items here: ))) [[.
The orc hits your gnoll zombie with a +0 short sword.
The orc wizard casts a spell at your gnoll zombie.
Your gnoll zombie appears confused.
Your orc priest zombie closely misses the orc wizard.
Your gnoll zombie closely misses the orc wizard.
Your orc warrior zombie hits the orc wizard.
The orc wizard dies!
Things that are here:
a +0 club; a +0 scale mail You swap places.
The orc closely misses you. The komodo dragon bites you!!
* * * LOW HITPOINT WARNING * * *
Your orc priest zombie hits the komodo dragon but does no damage.
Your gnoll zombie completely misses you.
Your gnoll zombie hits itself.
You see here a +0 hand axe.
Unknown command.
You lash the orc!
You kill the orc!
The dead are walking!
You can now trade souls for undead servants.
The komodo dragon bites you!!
You die...
Your body rises from the dead as a mindless zombie.

#.....#####
#.##...# .. ##...#
## #....# #
#....###'#
+....#...#.D
#...)'...'..
#.ZZ)#...#.. #.SZ.#
..# #ZZl.# .#
#....# ###....
#.....##'####.....#
#.....#.....#.....#
.
#.....#.....+.....#
.
#.....##'####.....#
. #....
#.....#.....# . #
#.....#.....# .


You could see a komodo dragon (ally target), a friendly bullfrog zombie, a
friendly gnoll zombie (confused), a friendly orc zombie, a friendly orc warrior
zombie and a friendly orc priest zombie.

Vanquished Creatures
  Joseph (D:8)
  Sigmund (D:3)
  3 steam dragons
  Duvessa (D:5)
  A water moccasin (D:7)
  A hornet zombie (D:6)
  2 orc warriors (D:8)
  A sky beast (D:7)
  A centaur (D:7)
  Blork the orc (D:5)
  2 kobold brigands
  3 bullfrogs
  4 scorpions
  A wyvern zombie (D:6)
  2 water moccasin zombies (D:6)
  5 wights
  Dowan (D:5)
  5 howler monkeys
  3 bullfrog zombies (D:6)
  4 gnoll boudas
  4 orc priests
  3 jellies
  4 hounds
  Jessica (D:3)
  2 sleepcaps (D:5)
  3 iguanas
  19 orc wizards
  18 gnolls
  9 adders
  A shadow imp (D:3)
  2 worms (D:2)
  3 dart slugs
  31 orcs
  5 endoplasms
  3 giant cockroaches
  15 goblins
  8 hobgoblins
  12 jackals
  18 kobolds
  2 quokkas
  9 ball pythons
  3 bats
  3 frilled lizards
  5 rats
226 creatures vanquished.

Vanquished Creatures (collateral kills)
  A phantom (D:5)
  An orc priest (D:5)
  An iguana (D:5)
  An orc wizard (D:8)
  3 orcs
  An endoplasm (D:2)
  2 goblins (D:2)
  2 kobolds
  3 ball pythons (D:2)
15 creatures vanquished.

Vanquished Creatures (others)
  A human zombie (D:8)
  A hound zombie (D:7)
  A howler monkey zombie (D:8)
  2 iguana zombies (D:5)
  A bat zombie (D:2)
  2 ball python zombies
  A giant cockroach zombie (D:4)
  6 gnoll zombies
  2 goblin zombies
  A jackal zombie (D:2)
  3 kobolds (D:6)
  2 kobold zombies (D:6)
  13 orc zombies
36 creatures vanquished.

Grand Total: 277 creatures vanquished

Notes
Turn   | Place    | Note
-------+----------+-------------------------------------------
     0 | D:1      | dialectric the Octopode Shapeshifter began the quest for
                  | the Orb.
     0 | D:1      | Reached XP level 1. HP: 13/13 MP: 1/1
   273 | D:1      | Reached XP level 2. HP: 12/18 MP: 2/2
   423 | D:1      | Reached XP level 3. HP: 23/23 MP: 3/3
   824 | D:2      | Found a shimmering altar of Xom.
   979 | D:2      | Found a faded altar of an unknown god.
   988 | D:2      | Prayed at the altar of an unknown god.
   988 | D:2      | Became a worshipper of Yredelemnul the Dark
   988 | D:2      | Reached * piety under Yredelemnul
  1050 | D:2      | Reached XP level 4. HP: 27/29 MP: 4/4
  1369 | D:2      | Reached ** piety under Yredelemnul
  1712 | D:3      | Noticed Sigmund
  1835 | D:3      | Noticed Jessica
  1840 | D:3      | Killed Jessica
  1845 | D:3      | Reached XP level 5. HP: 35/35 MP: 5/5
  2169 | D:3      | Killed Sigmund
  2170 | D:3      | Reached XP level 6. HP: 42/42 MP: 6/6
  2599 | D:4      | Reached XP level 7. HP: 35/46 MP: 7/7
  3027 | D:4      | Found a glowing golden altar of the Shining One.
  3055 | D:5      | Entered Level 5 of the Dungeon
  3187 | D:5      | Noticed Blork the orc
  3198 | D:5      | Killed Blork the orc
  3199 | D:5      | Reached skill level 1 in Short Blades
  3379 | D:6      | Reached skill level 5 in Unarmed Combat
  3542 | D:5      | Reached XP level 8. HP: 34/54 MP: 8/8
  3627 | D:5      | Reached skill level 5 in Shapeshifting
  3724 | D:5      | Found a shadowy altar of Dithmenos.
  3736 | D:5      | Found a burning altar of Makhleb.
  3771 | D:5      | Found a staircase to the Ecumenical Temple.
  3808 | D:5      | Found a hazy altar of Hepliaklqana.
  3863 | D:5      | Found an iron altar of Okawaru.
  3869 | D:5      | Reached skill level 5 in Dodging
  3929 | D:5      | Noticed Duvessa
  3931 | D:5      | Noticed Dowan
  3938 | D:5      | Killed Duvessa
  3943 | D:5      | Killed Dowan
  4284 | D:5      | Found an ancient bone altar of Kikubaaqudgha.
  4289 | D:5      | Reached skill level 5 in Fighting
  4334 | D:5      | Reached *** piety under Yredelemnul
  4528 | D:5      | Found a shimmering blue altar of Sif Muna.
  4547 | D:5      | Got Sif Muna's Annotations on the Volley
  4562 | D:6      | Gained mutation: You are partially covered in iridescent
                  | scales. (AC +2) [potion of mutation]
  4562 | D:6      | Gained mutation: You have very sharp teeth. [potion of
                  | mutation]
  4848 | D:7      | Found a blossoming altar of Fedhas.
  4870 | D:7      | Reached XP level 9. HP: 61/61 MP: 9/9
  4981 | D:7      | Found Yhel's Antique Weapon Boutique.
  5609 | D:6      | Identified the blade talisman "Laemoxed" {Will+}
  6186 | D:6      | Found a basalt altar of Yredelemnul.
  6516 | D:6      | Found a broken altar of Ashenzari.
  6960 | D:8      | Reached skill level 1 in Stealth
  6960 | D:8      | Reached XP level 10. HP: 42/69 MP: 10/10
  7052 | D:8      | Found a shimmering altar of Xom.
  7059 | D:8      | Noticed Joseph
  7073 | D:8      | Killed Joseph
  7074 | D:8      | Reached skill level 5 in Short Blades
  7201 | D:8      | Found a sacrificial altar of Ru.
  7283 | D:8      | Found a runed translucent gate.
  7283 | D:8      | Found a runed translucent gate.
  7283 | D:8      | Found a runed translucent gate.
  7284 | D:8      | Noticed a green ugly thing
  7284 | D:8      | Noticed a cyan ugly thing
  7431 | D:8      | Your ally Joseph died
  8317 | D:8      | Mangled by a komodo dragon

Illustrated notes

Levels and vault maps discovered:
D:1:      eino_arrival_water_star, layout_loops_ring
D:2:      layout_basic, hellmonk_ecumenical_altar_run_dry, basic_altar,
          kennysheep_donut, minmay_joined_circles
D:3:      layout_loops_ring, uniq_jessica, uniq_sigmund
D:4:      layout_loops_cross, tso_oasis_becter, serial_bayou_pond_d
D:5:      minmay_recursive_quarters, layout_basic, lemuel_crystal_altar,
          mainiacjoe_overflow_boulevard, amcnicky_altar_gilded,
          mainiacjoe_overflow_tiny_flanked, mainiacjoe_overflow_paths,
          led_sif_book, chequers_serial_rivers_small_3, nrook_campfire,
          uniq_blork_the_orc, uniq_duvessa
D:6:      minmay_flawed_box, layout_basic, nicolae_yredelemnul_corpse_copse,
          mainiacjoe_overflow_alcove_4
D:7:      layout_loops_ring, fedhas_bush_and_centaur_altar, serial_shops, shop
D:8:      layout_gridville, nicolae_ru_great_annihilating_truth,
          marbit_many_paths, nicolae_overflow_crystal_walls,
          david_lair_shrubbed, ploomutoo_gammafunk_ghost_potion_laboratory,
          uniq_amaemon, uniq_joseph

Skill      XL: |  1  2  3  4  5  6  7  8  9 10 |
---------------+-------------------------------+-----
Fighting       | 2 3 4 5 6 |  6.8
Dodging        | 3 4 5 6 7 |  7.0
Unarmed Combat | 4 5 6 7 |  7.0
Shapeshifting  | 4 5 6 7 |  7.3
Short Blades   | 1 3 4 5 |  5.4
Stealth        | 1 3 |  3.2

Action                     |  1- 3 |  4- 6 |  7- 9 | 10-12 || total
---------------------------+-------+-------+-------+-------++-------
  Melee: Dagger            |    54 |    90 |   279 |    57 ||   480
         Constrict         |    24 |    28 |    65 |    20 ||   137
         Unarmed           |     5 |       |       |    28 ||    33
         Tentacles         |    13 |    12 |    77 |    15 ||   117
         Punch             |     5 |     6 |    17 |     4 ||    32
         Bite              |       |       |    33 |    11 ||    44
Ability: Begin Untransform |       |       |       |     1 ||     1
    Use: Potion            |       |       |     4 |     1 ||     5
         Scroll            |       |       |     5 |       ||     5
   Stab: Sleeping          |     2 |     5 |     5 |       ||    12
         Distracted        |       |     1 |       |       ||     1
 Armour: Skin              |    23 |    27 |   146 |    40 ||   236
  Dodge: Dodged            |    44 |    46 |   158 |    69 ||   317
  Block: Other             |       |     7 |    33 |       ||    40
         Reflection        |       |     1 |       |       ||     1
   Form: Serpent           |       |       |       |     1 ||     1

Table legend: (Time is in decaauts)
 A = Elapsed time spent in this place.
 B = Non-inter-level travel time spent in this place.
 C = Inter-level travel time spent in this place.
 D = Time resting spent in this place.
 E = Time spent auto-exploring this place.
 F = Levels seen in this place.
 G = Mean time per level.
                   A        B        C        D        E       F      G
               +--------+--------+--------+--------+--------+-----+--------+
         Total |   8259 |   8126 |    133 |    830 |   5517 |   8 | 1032.4 |
       Dungeon |   8259 |   8126 |    133 |    830 |   5517 |   8 | 1032.4 |
               +--------+--------+--------+--------+--------+-----+--------+

Top non-repeatable levels by time:
     D:6: 1855 daAuts
     D:5: 1477 daAuts
     D:7: 1200 daAuts
     D:2: 956 daAuts
     D:1: 786 daAuts
     D:4: 746 daAuts
     D:8: 672 daAuts
     D:3: 564 daAuts
